 Dungeon Crawl Stone Soup version 0.32-a0-391-gce5c0aab1b (webtiles) character file.

Game seed: 9037864079241618623

11022 cforsyth the Carver (level 11, -2/92 HPs)
             Began as a Coglin Gladiator on Feb 20, 2024.
             Was an Elder of Wu Jian.
             Slain by a five-headed hydra (9 damage)
             ... on level 12 of the Dungeon.
             The game lasted 00:20:35 (12444 turns).

cforsyth the Carver (Coglin Gladiator)             Turns: 12444, Time: 00:20:35

Health: -2/92      AC: 11    Str: 15    XL:     11   Next: 71%
Magic:  11/11      EV: 17    Int:  8    God:    Wu Jian [****..]
Gold:   439        SH:  5    Dex: 17    Spells: 10/10 levels left

rFire   . . .        a - +0 long sword {Shedsu-nefertum}
rCold   . . .        k - +3 dagger (venom) {Foled}
rNeg    . . .        K - +0 acid dragon scales
rPois   .            c - +0 helmet
rElec   .            m - +1 cloak
rCorr   +            D - +0 pair of gloves
SInv    .            q - +0 pair of boots
Will    .....        x - amulet of reflection
Stlth   +            W - ring of willpower
HPRegen 0.35/turn    R - ring of resist corrosion
MPRegen 0.12/turn

%: reflection
@: lethally poisoned (-2 -> -4), about to teleport, weak-willed, stiff-legged,
very slow
A: off-hand wielding, slow wielding, warmup strikes, warmup strides, clumsy 1
a: Renounce Religion, Wall Jump, Serpent's Lash


You were on level 12 of the Dungeon.
You worshipped Wu Jian.
Wu Jian was greatly pleased with you.
You visited 1 branch of the dungeon, and saw 12 of its levels.

You collected 523 gold pieces.
You spent 84 gold pieces at shops.


Innate Abilities, Weirdness & Mutations

You can wield a second weapon in your off-hand.
It takes a long time for you to wield or remove held weapons.
Your first few attacks do less damage.
Your first movements take longer.
You are clumsy. (Dex -2)


   Skills:
 + Level 10.9 Fighting
 + Level 11.0 Long Blades
 - Level 1.7 Throwing
 + Level 0.0 Armour
 + Level 10.1 Dodging


You had 10 spell levels left.
You didn't know any spells.
Your spell library contained the following spells:

 Spells                   Type           Power      Damage    Failure   Level
 Magic Dart               Conj           0%         1d3       52%         1
 Searing Ray              Conj           0%         2d4       67%         2
 Frozen Ramparts          Ice            0%         1d1       88%         3
 Gell's Gravitas          Tloc           0%         N/A       88%         3
 Teleport Other           Tloc           0%         N/A       88%         3
 Fulminant Prism          Conj/Alch      0%         3d5       99%         4
 Leda's Liquefaction      Alch/Erth      0%         N/A       99%         4
 Petrify                  Alch/Erth      0%         N/A       99%         4
 Metabolic Englaciation   Hex/Ice        0%         N/A       100%        5
 Dispersal                Tloc           0%         N/A       100%        6

Inventory:

Hand Weapons
 a - a +0 long sword (weapon) {Shedsu-nefertum}
 k - a +3 dagger of venom (worn) {Foled}
Missiles
 d - 3 throwing nets (quivered) {=f}
 e - a javelin
Armour
 b - a +0 leather armour
 c - a +0 helmet (worn)
 m - a +1 cloak (worn)
 q - a +0 pair of boots (worn)
 D - a +0 pair of gloves (worn)
 K - +0 acid dragon scales (worn)
Magical Staves
 y - a staff of cold {!a}
 F - a staff of alchemy {!a}
Jewellery
 p - the amulet "Diasocke" {Faith Str+3}
   (You found it on level 10 of the Dungeon)

   [amulet of faith]

   Faith:     It allows you to gain divine favour quickly.
   Str+3:     It affects your strength (+3).
 x - an amulet of reflection (around neck)
 H - an amulet of magic regeneration
 I - a +6 ring of intelligence
 R - a ring of resist corrosion (right grasper)
 S - a +6 ring of strength
 W - a ring of willpower (left grasper)
Wands
 h - a wand of acid (8)
 j - a wand of paralysis (11)
 E - a wand of polymorph (6)
Scrolls
 g - 2 scrolls of noise
 i - a scroll of silence {!r}
 l - a scroll of amnesia
 n - 5 scrolls of enchant weapon
 o - 2 scrolls of fog
 s - 3 scrolls of poison
 t - a scroll of torment
 u - 3 scrolls of teleportation {@r2}
Potions
 f - a potion of might {unknown}
 v - 4 potions of cancellation {unknown}
 z - a potion of magic
 A - a potion of mutation
 C - a potion of brilliance

Dungeon Overview and Level Annotations

Branches:
Dungeon (12/15)            Temple (0/1) D:7            Lair (0/5) D:11
    Orc: D:9-12

Altars:
Hepliaklqana
Qazlal
Wu Jian
Zin

Shops:
D:4 ? D:6

( #################..#
#~~~#~~~~~~~~~~###.#
###~~#######~~~~~~.#
#~~~~~############
#####~~~~~#
#~~~########### ###~~#
###~§~#####
#~~~~#####○§§§§~~~~###
###~~~@D○○§§#####~~~~##
#####§§§### ###~~~~
##~~~~#.######~..
######..........
..####..... .......
####.... ....# ###.#


You could see a five-headed hydra (weak-willed).


Message History

It was a scroll of vulnerability.
As you read the scroll labelled GARANA ORGHEMP, it crumbles to dust.
It is a scroll of enchant armour.
Your +0 cloak glows green for a moment.
You block the five-headed hydra's attack.
The five-headed hydra barely misses you.
The five-headed hydra bites you.
* * * LOW HITPOINT WARNING * * *
The five-headed hydra bites you!
* * * LOW HITPOINT WARNING * * *
The five-headed hydra closely misses you.
Blink to where?
Press: ? - help, Dir - move target Splash!
As you read the scroll labelled CIS WANATI, it crumbles to dust.
It was a scroll of blinking.
You are engulfed in poison gas.
You are poisoned.
* * * LOW HITPOINT WARNING * * *
You feel very sick.
Unknown command.
You feel very sick.
As you read the scroll of teleportation {@r2}, it crumbles to dust.
You feel strangely unstable.
You feel sick.
Unknown command.
Unknown command.
It was a potion of magic.
Magic courses through your body.
You feel sick. The five-headed hydra bites you.
* * * LOW HITPOINT WARNING * * *
The five-headed hydra bites you!
You die...

Skill      XL: |  1  2  3  4  5  6  7  8  9 10 11 |
---------------+----------------------------------+-----
Dodging        | 3 4 5 6 7 9 10 | 10.1
Fighting       | 3 4 5 6 8 9 10 | 10.9
Long Blades    | 4 5 7 8 10 11 | 11.0
Throwing       | |  1.7

Action                     |  1- 3 |  4- 6 |  7- 9 | 10-12 || total
---------------------------+-------+-------+-------+-------++-------
  Melee: Long sword        |    72 |    99 |   277 |   382 ||   830
         Dagger            |       |    41 |   265 |   378 ||   684
Ability: Lunge             |       |       |    12 |    19 ||    31
         Whirlwind         |       |       |       |     2 ||     2
  Evoke: Wand              |       |       |     2 |     6 ||     8
    Use: Scroll            |       |     2 |     9 |     8 ||    19
         Potion            |       |     1 |     1 |     5 ||     7
   Stab: Sleeping          |       |     1 |     2 |       ||     3
         Distracted        |       |     1 |       |       ||     1
         Invisible         |       |       |     3 |       ||     3
 Armour: Leather armour    |    60 |    50 |   142 |   192 ||   444
         Acid dragon scale |       |       |       |    44 ||    44
  Dodge: Dodged            |    79 |    75 |   221 |   288 ||   663
  Block: Other             |       |       |    20 |    66 ||    86
         Reflection        |       |       |     1 |     4 ||     5

Levels and vault maps discovered:
D:1:      lightli_arrival_quake, layout_rooms
D:2:      layout_loops_corners, shapermc_ecumenical_altar_venn
D:3:      layout_rooms, uniq_crazy_yiuf_cottage
D:4:      layout_basic, serial_co_window_serial, co_window_corner_a,
          co_window_paths_a, co_window_paths_b, co_window_corner_a,
          co_window_paths_a, co_window_corner_b, co_window_2corner,
          co_window_corner_b, co_window_unsneaky_path_a, glass_columns_b,
          glass_columns_b, serial_shops, nicolae_shop_behind_doors
D:5:      layout_basic, nicolae_wu_jian_glorious_leap, uniq_blork_the_orc,
          uniq_prince_ribbit1
D:6:      layout_rooms, serial_shops, shop
D:7:      minmay_general_purpose_star, layout_rooms, minitemple,
          minmay_temple_entry_sparse_star
D:8:      layout_loops_corners, uniq_maurice
D:9:      layout_cross, uniq_pikel
D:10:     layout_loops_ring, lemuel_doored_altar, serial_bayou_ford_a
D:11:     layout_loops_ring, dpeg_lair_monsters
D:12:     layout_loops_ring, kennysheep_orc_monster_closet_entryway,
          serial_rivers, chequers_serial_rivers_room_a,
          chequers_serial_rivers_large_b, chequers_serial_rivers_micro_d,
          chequers_serial_rivers_marsh, chequers_serial_rivers_micro_a,
          chequers_serial_rivers_micro_a, uniq_urug

Notes
Turn   | Place    | Note
-------+----------+-------------------------------------------
     0 | D:1      | cforsyth the Coglin Gladiator began the quest for the Orb.
     0 | D:1      | Reached XP level 1. HP: 16/16 MP: 1/1
    32 | D:1      | Reached XP level 2. HP: 22/22 MP: 2/2
    80 | D:1      | Reached skill level 3 in Dodging
   203 | D:1      | Reached XP level 3. HP: 28/28 MP: 3/3
   690 | D:2      | Found a faded altar of an unknown god.
   739 | D:2      | Reached XP level 4. HP: 34/34 MP: 4/4
   826 | D:2      | Reached skill level 3 in Fighting
  1621 | D:3      | Noticed a phantom
  1794 | D:3      | Found a runed translucent door.
  1795 | D:3      | Noticed Crazy Yiuf
  2037 | D:3      | Killed a phantom
  2038 | D:3      | Reached skill level 4 in Long Blades
  2038 | D:3      | Reached XP level 5. HP: 31/41 MP: 5/5
  2236 | D:3      | Killed Crazy Yiuf
  2237 | D:3      | Reached skill level 4 in Dodging
  2420 | D:4      | Reached XP level 6. HP: 48/48 MP: 6/6
  2426 | D:4      | Found Mush's Magic Scroll Boutique.
  2426 | D:4      | You fall into a shaft and drop 1 floor!
  2426 | D:5      | Entered Level 5 of the Dungeon
  2464 | D:5      | Noticed an ice beast
  2472 | D:5      | Killed an ice beast
  2473 | D:5      | Reached skill level 4 in Fighting
  2592 | D:5      | Noticed Prince Ribbit
  2598 | D:5      | Killed Prince Ribbit
  2599 | D:5      | Reached skill level 5 in Long Blades
  2599 | D:5      | Reached XP level 7. HP: 34/55 MP: 7/7
  2912 | D:4      | Bought a scroll of identify for 28 gold pieces
  2912 | D:4      | Bought a scroll of identify for 28 gold pieces
  2912 | D:4      | Bought a scroll of identify for 28 gold pieces
  3005 | D:4      | Reached skill level 5 in Fighting
  3005 | D:4      | Reached skill level 5 in Dodging
  3083 | D:5      | Reached XP level 8. HP: 8/61 MP: 8/8
  3274 | D:5      | Noticed a wyvern
  3283 | D:5      | Killed a wyvern
  3284 | D:5      | Reached skill level 6 in Long Blades
  4149 | D:4      | Reached skill level 6 in Fighting
  4815 | D:5      | Noticed Blork the orc
  4817 | D:5      | Reached skill level 6 in Dodging
  4827 | D:5      | Killed Blork the orc
  4982 | D:5      | Found an ornate altar of the Wu Jian Council.
  5140 | D:5      | Became a worshipper of the Wu Jian Council
  5293 | D:6      | Found Ymoapusa's Antique Weapon Shop.
  5626 | D:6      | Reached skill level 7 in Long Blades
  5723 | D:6      | Reached XP level 9. HP: 12/71 MP: 9/9
  5985 | D:6      | Reached skill level 7 in Fighting
  6577 | D:7      | Found a staircase to the Ecumenical Temple.
  6579 | D:7      | Found the +0 toga "Victory" {*Victory Clar}
  6645 | D:7      | Reached skill level 7 in Dodging
  6669 | D:7      | Reached * piety under Wu Jian
  6995 | D:7      | Reached skill level 8 in Long Blades
  7270 | D:7      | Found a hazy altar of Hepliaklqana.
  7271 | D:7      | Found a glowing silver altar of Zin.
  7364 | D:8      | Noticed Maurice
  7481 | D:8      | Reached skill level 8 in Fighting
  7916 | D:8      | Reached ** piety under Wu Jian
  7922 | D:8      | Reached XP level 10. HP: 37/80 MP: 10/10
  8194 | D:8      | Reached skill level 8 in Dodging
  8445 | D:8      | Something stole a staff of cold {!a}
  8446 | D:8      | Something stole 285 gold
  8519 | D:8      | Paralysed by Maurice for 4 turns
  8528 | D:8      | Maurice stole 42 gold
  8534 | D:8      | Paralysed by something for 5 turns
  8548 | D:8      | Killed Maurice
  8549 | D:8      | Reached skill level 9 in Long Blades
  8870 | D:9      | Noticed Pikel
  8925 | D:9      | Killed Pikel
  8926 | D:9      | Reached skill level 9 in Fighting
  9139 | D:10     | Entered Level 10 of the Dungeon
  9173 | D:10     | Gained mutation: You are clumsy. (Dex -2) [potion of
                  | mutation]
  9534 | D:10     | Reached skill level 9 in Dodging
  9720 | D:10     | Identified the amulet "Diasocke" {Faith Str+3}
  9980 | D:10     | Noticed a gargoyle
 10089 | D:10     | Noticed a kobold demonologist
 10091 | D:10     | Noticed a smoke demon
 10179 | D:10     | Found a stormy altar of Qazlal.
 10215 | D:10     | Noticed a kobold demonologist
 10236 | D:10     | Killed a kobold demonologist
 10237 | D:10     | Reached skill level 10 in Long Blades
 10237 | D:10     | Reached XP level 11. HP: 87/90 MP: 11/11
 10272 | D:10     | Reached skill level 10 in Fighting
 10606 | D:10     | Reached *** piety under Wu Jian
 11383 | D:11     | Found a staircase to the Lair.
 11415 | D:11     | HP: 9/90 [hell rat (4)]
 11900 | D:11     | Reached **** piety under Wu Jian
 11933 | D:11     | Noticed a cyclops
 11943 | D:11     | Killed a cyclops
 11944 | D:11     | Reached skill level 10 in Dodging
 12225 | D:11     | Noticed a red ugly thing
 12236 | D:11     | Killed a red ugly thing
 12237 | D:11     | Reached skill level 11 in Long Blades
 12424 | D:12     | Noticed a cyan ugly thing
 12428 | D:12     | Noticed a four-headed hydra
 12444 | D:12     | HP: 7/92 [five-headed hydra (5)]
 12444 | D:12     | Slain by a five-headed hydra

Vanquished Creatures
  Pikel (D:9)
  An ugly thing (D:11)
  A cyclops (D:11)
  Maurice (D:8)
  3 kobold demonologists
  4 trolls
  A hornet (D:9)
  Prince Ribbit (D:5)
  A vampire (D:10)
  A wyvern (D:5)
  A steam dragon (D:10)
  7 yaks
  3 vampire mosquitoes (D:11)
  3 acid dragons
  A water moccasin (D:6)
  A sky beast (D:7)
  3 orc warriors
  3 ice beasts
  2 ogres
  3 centaurs (D:11)
  A phantom (D:3)
  3 lemures
  10 kobold brigands
  5 bullfrogs
  Blork the orc (D:5)
  A gnoll sergeant (D:11)
  4 scorpions
  10 wights
  24 killer bees
  A howler monkey (D:10)
  A hound (D:5)
  Crazy Yiuf (D:3)
  2 orc priests
  2 bombardier beetles
  A gnoll bouda (D:6)
  2 jellies
  3 sleepcaps
  2 iguanas
  A hell rat (D:11)
  8 orc wizards
  7 gnolls
  8 adders
  4 river rats (D:11)
  3 white imps
  4 ufetubi (D:6)
  3 ribbon worms
  27 orcs
  4 ball pythons
  7 bats (D:1)
  3 endoplasms
  3 giant cockroaches
  5 goblins
  5 hobgoblins
  3 jackals (D:1)
  A quokka (D:5)
  3 frilled lizards
  29 kobolds
  2 rats
246 creatures vanquished.

Table legend: (Time is in decaauts)
 A = Elapsed time spent in this place.
 B = Non-inter-level travel time spent in this place.
 C = Inter-level travel time spent in this place.
 D = Time resting spent in this place.
 E = Time spent auto-exploring this place.
 F = Levels seen in this place.
 G = Mean time per level.
                   A        B        C        D        E       F      G
               +--------+--------+--------+--------+--------+-----+--------+
         Total |  12658 |  12239 |    419 |   1941 |   8328 |  12 | 1054.8 |
       Dungeon |  12658 |  12239 |    419 |   1941 |   8328 |  12 | 1054.8 |
               +--------+--------+--------+--------+--------+-----+--------+

Top non-repeatable levels by time:
     D:5: 2069 daAuts
    D:10: 1801 daAuts
     D:4: 1437 daAuts
    D:11: 1411 daAuts
     D:8: 1409 daAuts
     D:2: 1039 daAuts
     D:7: 867 daAuts
     D:6: 772 daAuts
     D:3: 772 daAuts
     D:1: 639 daAuts
     D:9: 323 daAuts
    D:12: 113 daAuts

Table legend:
 A = Non-vault XP
 B = Vault XP
 C = Vault XP percentage of total XP
 D = Non-vault monster count
 E = Vault monster count
 F = Vault count percentage of total count
                 A         B        C        D         E       F
            +---------+---------+-------+---------+---------+-------
      Total |   13240 |    2506 |  15.9 |     226 |      17 |   7.0
            +---------+---------+-------+---------+---------+-------
        D:1 |      58 |       0 |   0.0 |      22 |       0 |   0.0
        D:2 |      66 |       0 |   0.0 |      11 |       0 |   0.0
        D:3 |     148 |      45 |  23.3 |      10 |       1 |   9.1
        D:4 |     440 |       0 |   0.0 |      13 |       0 |   0.0
        D:5 |    1079 |     370 |  25.5 |      27 |       2 |   6.9
        D:6 |     865 |       0 |   0.0 |      23 |       0 |   0.0
        D:7 |     795 |     199 |  20.0 |      30 |       4 |  11.8
        D:8 |    1481 |     508 |  25.5 |      22 |       1 |   4.3
        D:9 |     744 |     642 |  46.3 |       8 |       1 |  11.1
       D:10 |    3419 |       0 |   0.0 |      31 |       0 |   0.0
       D:11 |    4145 |     742 |  15.2 |      29 |       8 |  21.6
            +---------+---------+-------+---------+---------+-------
